Map: Daybreak LE (Void)

Players

KamiKAdzu

  • Race: Protoss Protoss
  • League: Platinum
  • Spawn Location: 1:00

Emil - Winner!

  • Race: Terran Terran
  • League: Diamond
  • Spawn Location: 7:00

VOD

Have the link to the VOD?

Description

Time

  • Played on: Nov. 24, 2016, 3:12 p.m.
  • Length: 5:54
Show
View Real Time Build Order
Export as new Build Order

KamiKAdzu Protoss 

Build Orders:  

Get SALT Encoding   

  12  0:02  Probe (Chrono Boost)  
  13  0:12  Probe (Chrono Boost)  
  14  0:20  Pylon  
  14  0:23  Probe (Chrono Boost)  
  15  0:38  Probe (Chrono Boost)  
  15  0:39  Gateway  
  16  0:49  Probe (Chrono Boost)  
  17  0:52  Assimilator  
  17  0:59  Pylon  
  17  1:00  Probe (Chrono Boost)  
  18  1:11  Probe (Chrono Boost)  
  19  1:21  Probe (Chrono Boost)  
  20  1:29  Cybernetics Core  
  20  1:32  Probe (Chrono Boost), Assimilator  
  21  1:42  Probe (Chrono Boost)  
  22  1:53  Probe (Chrono Boost)  
  23  1:57  Warp Gate  
  23  2:00  Gateway  
  23  2:08  Robotics Facility  
  23  2:12  Pylon  
  23  2:18  Stalker  
  25  2:23  Probe (Chrono Boost)  
  26  2:37  Probe (Chrono Boost)  
  26  2:46  Stalker  
  28  2:55  Immortal  
  32  3:01  Adept  
  32  3:05  Probe (Chrono Boost)  
  35  3:32  Nexus  
  35  3:34  Observer  
  35  3:37  Probe (Chrono Boost)  
  36  3:50  Forge  
  36  3:53  Twilight Council  
  36  3:59  Observer  
  37  4:03  Stalker  
  39  4:15  Pylon  
  39  4:22  Pylon  
  39  4:33  Stalker  
  39  4:34  Probe (Chrono Boost)  
  42  4:44  Photon Cannon  
  43  4:47  Probe (Chrono Boost)  
  43  4:55  Probe (Chrono Boost)  
  43  4:59  Probe (Chrono Boost)  
  45  5:05  Pylon  
  43  5:25  Stalker x2  
Show
View Real Time Build Order
Export as new Build Order

Emil Terran - Winner!

Build Orders: Liberator Opening 

Get SALT Encoding   

  12  0:02  SCV  
  13  0:18  SCV  
  13  0:20  Supply Depot  
  14  0:30  SCV  
  15  0:37  Refinery  
  15  0:44  Barracks  
  15  0:59  SCV  
  16  1:23  SCV  
  17  1:31  Refinery  
  17  1:37  Orbital Command  
  17  1:39  Supply Depot  
  17  1:51  Marine  
  17  1:58  Factory  
  17  2:10  Marine  
  18  2:16  SCV  
  19  2:28  Marine  
  20  2:43  Starport, Factory Tech Lab  
  20  2:46  Marine  
  20  2:48  SCV  
  22  3:00  SCV  
  22  3:03  Siege Tank  
  26  3:07  Barracks Tech Lab  
  26  3:12  SCV  
  27  3:22  Supply Depot  
  27  3:30  Liberator  
  27  3:32  SCV  
  28  3:35  Siege Tank  
  28  3:39  Barracks Reactor  
  31  3:44  SCV  
  31  3:45  Supply Depot  
  35  3:58  Supply Depot  
  35  4:07  SCV  
  36  4:13  Hellion  
  36  4:15  Marine  
  36  4:16  Marine  
  40  4:25  SCV  
  40  4:30  Medivac  
  43  4:37  Hellion, Supply Depot  
  45  4:48  Marine x2  
  47  4:58  Hellion  
  49  5:06  Marine  
  50  5:11  Bunker  
  50  5:13  Bunker  
  50  5:19  Siege Tank  
  52  5:34  Bunker, SCV  
Tags
 
Add a new tag
Caveats
  • Supply blocks, unpowered buildings, or Contaminate may cause inaccurate times.
  • Supply counts are checked every 10 seconds.